 Dungeon Crawl Stone Soup version 0.31-a0-426-g3a05650e59 (webtiles) character file.

Game seed: 16945668576465759287

115 night the Ruffian (level 4, -2/36 HPs)
             Began as a Demigod Shapeshifter on July 30, 2023.
             Killed by nerve-wracking pain
             ... invoked by Jessica
              (13 damage)
             ... on level 3 of the Dungeon.
             The game lasted 00:02:29 (1485 turns).

night the Ruffian (Demigod Shapeshifter)            Turns: 1485, Time: 00:02:29

Health: -2/36      AC:  2    Str: 20    XL:     4   Next: 41%
Magic:  6/6        EV: 12    Int: 10    God:
Gold:   97         SH:  0    Dex: 14    Spells: 3/3 levels left

rFire   . .          .
                       - Unarmed
rCold   . . .        (no shield)
rNeg    . . .        a - +0 animal skin
rPois   .            (helmet currently unavailable)
rElec   .            (cloak currently unavailable)
rCorr   .            f - melded +0 pair of gloves
SInv    .            (boots currently unavailable)
Will    .....        (no amulet)
Stlth   +            (no ring)
HPRegen 0.26/turn    (no ring)
MPRegen 0.10/turn

%: no passive effects
@: beast-form
A: beast (slay +2), high MP 1, forlorn, divine attributes
a: Begin Untransformation


You were on level 3 of the Dungeon.
You were a hulking beast.
You visited 1 branch of the dungeon, and saw 3 of its levels.

You collected 97 gold pieces.

Inventory:

Missiles
 m - 21 stones
Armour
 a - a +0 animal skin (worn)
 f - a +0 pair of gloves (melded)
Jewellery
 n - a ring of protection from fire
Talismans
 c - a beast talisman (active)
Scrolls
 e - a scroll of enchant armour {unknown}
 h - 2 scrolls of fear {unknown}
 i - 2 scrolls of noise {unknown}
 j - a scroll of fog {unknown}
 k - a scroll of amnesia {unknown}
 q - a scroll of teleportation {unknown}
 s - a scroll of immolation {unknown}
Potions
 b - 2 potions of lignification
 d - 2 potions of curing
 g - 3 potions of mutation {unknown}
 l - 2 potions of attraction {unknown}
 o - a potion of degeneration {unknown}
 p - a potion of haste {unknown}
 r - a potion of brilliance {unknown}


   Skills:
 + Level 2.1 Fighting
 - Level 1.7 Dodging
 * Level 4.0 Unarmed Combat
 + Level 3.1 Shapeshifting


You had 3 spell levels left.
You didn't know any spells.
Your spell library contained the following spells:

 Spells                   Type           Power      Damage    Failure   Level
 Frozen Ramparts          Ice            0%         1d1       75%         3
 Tukima's Dance           Hex            0%         N/A       75%         3
 Vhi's Electric Charge    Tloc/Air       0%         N/A       75%         3
 Passage of Golubria      Tloc           0%         N/A       98%         4
 Petrify                  Tmut/Erth      0%         N/A       98%         4
 Arcjolt                  Conj/Air       0%         1d10      100%        5
 Metabolic Englaciation   Hex/Ice        0%         N/A       100%        5
 Yara's Violent Unravell  Hex/Tmut       0%         3d3       100%        5
 Maxwell's Capacitive Co  Air            0%         ∞         100%        8


Dungeon Overview and Level Annotations

Branches:
Dungeon (3/15)

Annotations:
D:3 Jessica


Innate Abilities, Weirdness & Mutations

You are a hulking beast.
Your limbs bulge with bestial killing power. (Slay +2)
You have an increased reservoir of magic. (+10% MP)
You shall have no god before yourself.
Your divine heritage dramatically boosts your attributes as you level up.


Message History

The hobgoblin hits you.
You barely miss the hobgoblin.
The hobgoblin is almost dead.
The kobold hits you with a +0 dagger. The hobgoblin barely misses you.
You hit the hobgoblin.
You kill the hobgoblin!
The kobold barely misses you.
You hit the kobold.
You kill the kobold!
No target in view!
You see here a hobgoblin corpse.
Found a shimmering blue altar of Sif Muna.
m - 21 stones (gained 2)
You see here a +0 dagger.
Jessica the Apprentice Sorceress comes into view.
She is wielding a +0 club and wearing a +2 robe of fire resistance.
Found a viscous grey potion.
Jessica shouts!
Jessica moves out of view.
A rat comes into view.
Found an orange potion.
Jessica points at you and mumbles some strange words.
Pain shoots through your body!
You are too injured to fight recklessly!
You hit Jessica.
Jessica is moderately wounded.
Jessica closely misses you.
You hit Jessica. Your punch misses Jessica.
Jessica is heavily wounded.
Jessica hits you with a +0 club!
* * * LOW HITPOINT WARNING * * *
You barely miss Jessica.
Jessica is heavily wounded.
You closely miss Jessica.
Jessica is heavily wounded.
Jessica closely misses you.
A ball python comes into view.
It was a potion of curing.
You feel better.
Jessica points at you and mumbles some strange words.
Pain shoots through your body!
You die...

#. #.# ####.##.# ##
#........ ... ##.......#
#.# .........######.####
.........#.........#
.........#.........#
!..°.°.@h#.........###.#
..≈°.☼≈r.#.........'...#
..≈○☼○≈....).......###.#
#.≈○°§≈..#.†.).....###.#
.§≈°≈≈≈!.#...<.........##
.S≈§°≈○..+............>...
........##.........###..#.
.......########...........
.....## #..........##.


You could see Jessica, a ball python (wandering) and a rat.

Vanquished Creatures
  An ogre (D:3)
  2 dart slugs
  An orc (D:2)
  3 endoplasms (D:1)
  A goblin (D:2)
  4 hobgoblins
  2 kobolds (D:3)
  A quokka (D:1)
  4 ball pythons
  2 bats
  4 frilled lizards
  2 rats
27 creatures vanquished.

Notes
Turn   | Place    | Note
-------+----------+-------------------------------------------
     0 | D:1      | night the Demigod Shapeshifter began the quest for the Orb.
     0 | D:1      | Reached XP level 1. HP: 15/15 MP: 3/3
    51 | D:1      | Reached skill level 1 in Fighting
   246 | D:1      | Reached skill level 3 in Unarmed Combat
   290 | D:1      | Reached XP level 2. HP: 17/23 MP: 4/4
  1327 | D:3      | Noticed an ogre
  1405 | D:3      | Killed an ogre
  1406 | D:3      | Reached skill level 2 in Fighting
  1406 | D:3      | Reached skill level 4 in Unarmed Combat
  1406 | D:3      | Reached XP level 3. HP: 27/29 MP: 5/5
  1406 | D:3      | Reached XP level 4. HP: 33/36 MP: 6/6
  1475 | D:3      | Noticed Jessica
  1482 | D:3      | HP: 5/36 [Jessica/+0 club (7)]
  1485 | D:3      | Killed from afar by Jessica

Illustrated notes

Levels and vault maps discovered:
D:1:      erik_arrival_cave_to_civilisation [erik_arrival_cave_to_hall],
          layout_basic, minivault_23
D:2:      layout_basic, nicolae_ecumenical_pavilion, moated_statue,
          corexii_shack
D:3:      layout_basic, nicolae_sif_muna_condensation,
          minmay_goblin_kobold_house, uniq_jessica

Skill      XL: |  1  2 |
---------------+-------+-----
Fighting       | 1 2 |  2.1
Unarmed Combat | 3 4 |  4.0
Shapeshifting  | 3 |  3.1
Dodging        | |  1.7

Action                     |  1- 3 |  4- 6 || total
---------------------------+-------+-------++-------
  Melee: Unarmed           |    69 |    16 ||    85
         Punch             |     2 |       ||     2
Ability: Begin Untransform |     1 |       ||     1
    Use: Potion            |       |     1 ||     1
   Stab: Sleeping          |     1 |       ||     1
 Armour: Animal skin       |     9 |       ||     9
  Dodge: Dodged            |    46 |     7 ||    53
   Form: Beast             |     1 |       ||     1

Table legend: (Time is in decaauts)
 A = Elapsed time spent in this place.
 B = Non-inter-level travel time spent in this place.
 C = Inter-level travel time spent in this place.
 D = Time resting spent in this place.
 E = Time spent auto-exploring this place.
 F = Levels seen in this place.
 G = Mean time per level.
                   A        B        C        D        E       F      G
               +--------+--------+--------+--------+--------+-----+--------+
         Total |   1479 |   1392 |     87 |    122 |   1039 |   3 |  493.0 |
       Dungeon |   1479 |   1392 |     87 |    122 |   1039 |   3 |  493.0 |
               +--------+--------+--------+--------+--------+-----+--------+

Top non-repeatable levels by time:
     D:1: 765 daAuts
     D:2: 606 daAuts
     D:3: 107 daAuts
